 Dungeon Crawl Stone Soup version 0.32-a0-43-g058985b245 (webtiles) character file.

Game seed: 8256023477743373834

6456 Shiggs the Spear-Bearer (level 10, -3/61 HPs)
             Began as a Tengu Reaver on Feb 4, 2024.
             Was an Elder of Okawaru.
             Slain by a wyvern (10 damage)
             ... on level 8 of the Dungeon.
             The game lasted 00:21:09 (9336 turns).

Shiggs the Spear-Bearer (Tengu Reaver)              Turns: 9336, Time: 00:21:10

Health: -3/61      AC:  5    Str: 13    XL:     10   Next: 99%
Magic:  17/19      EV: 24    Int: 20    God:    Okawaru [****..]
Gold:   352        SH:  0    Dex: 19    Spells: 16/20 levels left

rFire   . . .        f - +3 trident
rCold   + + .        (no shield)
rNeg    + . .        e - +2 leather armour of Ikurrut {rC++ Str-4 Int+7}
rPois   .            (helmet restricted)
rElec   .            b - scarf {shadows}
rCorr   .            (no gloves)
SInv    .            (boots unavailable)
Will    .....        (no amulet)
Stlth   +++          j - +6 ring of dexterity
HPRegen 0.30/turn    a - ring of positive energy
MPRegen 0.16/turn

%: acrobat
@: heroic, flying
A: beak, talons 3, evasive flight, acrobatic
a: Renounce Religion, Heroism, Finesse


You were on level 8 of the Dungeon.
You worshipped Okawaru.
Okawaru was greatly pleased with you.
You visited 2 branches of the dungeon, and saw 10 of its levels.
You also visited: Ossuary.

You collected 472 gold pieces.
You spent 120 gold pieces at shops.

Inventory:

Hand Weapons
 f - a +3 trident (weapon)
Armour
 b - a scarf of shadows (worn)
 e - the +2 leather armour of Ikurrut (worn) {rC++ Str-4 Int+7}
   (You found it on level 6 of the Dungeon)

   Str-4:     It affects your strength (-4).
   Int+7:     It affects your intelligence (+7).
   rC++:      It greatly protects you from cold.
Jewellery
 a - a ring of positive energy (right hand)
 g - a +6 ring of strength
 j - a +6 ring of dexterity (left hand)
Wands
 d - a wand of iceblast (3)
 l - a wand of paralysis (4)
 m - a wand of flame (24)
 y - a wand of quicksilver (8)
 C - a wand of mindburst (15)
Scrolls
 c - 4 scrolls of teleportation
 h - 5 scrolls of identify
 k - a scroll of blinking
 o - 4 scrolls of fog
 p - 2 scrolls of enchant weapon {unknown}
 u - a scroll of amnesia {unknown}
 x - 2 scrolls of noise {unknown}
 z - 2 scrolls of torment
 B - 2 scrolls of revelation
 D - a scroll of acquirement {unknown}
 E - 2 scrolls of poison
 F - a scroll of vulnerability {unknown}
 H - a scroll of fear
 I - a scroll of immolation
Potions
 i - 2 potions of heal wounds
 n - 3 potions of brilliance {unknown}
 q - a potion of might {unknown}
 r - 4 potions of curing {unknown}
 s - 2 potions of mutation {unknown}
 t - 2 potions of magic {unknown}
 v - 4 potions of degeneration {unknown}
 w - 2 potions of enlightenment {unknown}
 A - a potion of lignification
 G - a potion of attraction {unknown}


   Skills:
 + Level 6.6(11.6) Fighting
 * Level 10.3(15.3) Polearms
 + Level 7.3(12.3) Dodging
 + Level 5.9 Spellcasting
 + Level 9.0 Conjurations
 + Level 4.8 Invocations


You had 16 spell levels left.
You knew the following spells:

 Your Spells              Type           Power      Damage    Failure   Level
a - Kiss of Death         Conj/Necr      96%        2d12      1%          1
b - Hailstorm             Conj/Ice       24%        3d7       6%          3

Your spell library contained the following spells:

 Spells                   Type           Power      Damage    Failure   Level
 Magic Dart               Conj           100%       1d8       1%          1
 Momentum Strike          Conj/Tloc      48%        3d9       3%          2
 Blink                    Tloc           10%        N/A       21%         2
 Call Imp                 Summ           Unusable   N/A       N/A         2

Dungeon Overview and Level Annotations

Branches:
Dungeon (9/15)             Temple (1/1) D:6         Ossuary (visited)
   Lair: D:8-11         Orc: D:9-12

Altars:
Ashenzari
Cheibriados
Dithmenos
Elyvilon
Fedhas
Gozag
Hepliaklqana
Kikubaaqudgha
Makhleb
Nemelex Xobeh
Okawaru
Qazlal
Ru
Sif Muna
Trog
Uskayaw
Vehumet
Wu Jian
Xom
Yredelemnul
Zin
The Shining One

Shops:
D:8 ?


Innate Abilities, Weirdness & Mutations

You have a beak for a mouth.
You have claws for feet.
Your magical flight helps you evade attacks. (EV +4)
You can magically evade attacks while moving or waiting.


Message History

You closely miss the wolf. You claw the wolf.
You kill the wolf!
Okawaru accepts your kill.
No target in view!
You start resting.
HP restored.
You fly downwards.
The warg completely misses you. The wyvern bites you. The warg misses you.
The wyvern misses you.
The orc priest hits you but does no damage.
The orc priest invokes the aid of Beogh against you.
Beogh smites you!
There is a stone staircase leading up here.
The warg bites you! The wyvern closely misses you. The warg bites you!
The wyvern completely misses you.
The orc priest miscasts a cantrip.
You fly upwards.
There is a stone staircase leading down here.
Unknown command.
You gain the combat prowess of a mighty hero.
The warg barely misses you. The wyvern closely misses you.
The orc priest barely misses you.
You closely miss the orc priest.
You claw the orc priest, but do no damage.
The warg completely misses you. The wyvern barely misses you.
You hit the orc priest.
You peck the orc priest, but do no damage.
The orc priest is lightly wounded.
The warg misses you. The wyvern barely misses you.
The orc priest completely misses you.
You puncture the orc priest! You claw the orc priest.
The orc priest is severely wounded.
The warg completely misses you. The wyvern bites you!
* * * LOW HITPOINT WARNING * * *
The orc priest jeers repeatedly, as Orcs often do.
The orc priest completely misses you.
You barely miss the orc priest. You claw the orc priest.
You kill the orc priest!
Okawaru accepts your kill. The warg barely misses you. The wyvern bites you!
You die...

#......# #.######'##...
#......#####.# #........
#......'...#.####........
#..(...###.#....#........
#......###.#....#........
#..........#....#........
#...#######.....#........
#...#.....#.....'........
#...#.∩.@.#.....######...
#...#..hk)#.#...# #...
#...#######.##### #...
#..........## ####
#.....###### #.....# ####
#.....# #... ####### #.##
#.#


You could see a warg and a wyvern.

Vanquished Creatures
  A two-headed ogre (D:8)
  An unseen horror (D:7)
  Sigmund (D:2)
  A shadow (D:8)
  15 yaks
  A steam dragon (D:6)
  A water moccasin (D:7)
  An orc warrior (D:7)
  5 ogres
  A black bear (D:7)
  2 wolves
  A phantom (D:5)
  3 kobold brigands
  A bullfrog (D:8)
  2 scorpions (D:5)
  3 water moccasin zombies (Ossuary)
  2 wights
  6 killer bees
  2 howler monkeys (D:5)
  4 bombardier beetles
  5 hounds
  2 jellies
  3 orc priests
  4 centaur zombies (Ossuary)
  Jessica (D:2)
  3 iguanas
  A sleepcap (D:6)
  Terence (D:3)
  3 orc wizards
  A scorpion zombie (Ossuary)
  An ogre zombie (Ossuary)
  11 adders
  A shadow imp (D:6)
  2 ufetubi (D:6)
  4 adder zombies (Ossuary)
  4 dart slugs
  18 orcs
  5 bats
  7 endoplasms
  2 giant cockroaches
  8 goblins
  6 hobgoblins
  11 jackals
  21 kobolds
  8 quokkas
  10 ball pythons
  5 frilled lizards
  2 gnoll zombies (Ossuary)
  3 goblin zombies
  2 hobgoblin zombies (Ossuary)
  3 orc zombies (Ossuary)
  9 rats
  A rat zombie (D:6)
222 creatures vanquished.

Vanquished Creatures (others)
  Ijyb (D:3)
  A goblin (D:3)
  A ball python (D:3)
3 creatures vanquished.

Grand Total: 225 creatures vanquished

Notes
Turn   | Place    | Note
-------+----------+-------------------------------------------
     0 | D:1      | Shiggs the Tengu Reaver began the quest for the Orb.
     0 | D:1      | Reached XP level 1. HP: 12/12 MP: 4/4
   119 | D:1      | Reached XP level 2. HP: 17/17 MP: 6/6
   288 | D:1      | Reached XP level 3. HP: 21/21 MP: 7/7
   437 | D:1      | Reached skill level 4 in Polearms
   720 | D:2      | Noticed Sigmund
   733 | D:2      | Killed Sigmund
   734 | D:2      | Reached skill level 5 in Polearms
   734 | D:2      | Reached XP level 4. HP: 6/27 MP: 7/9
   734 | D:2      | Reached XP level 5. HP: 7/32 MP: 7/10
   853 | D:2      | Noticed Jessica
   869 | D:2      | Killed Jessica
   870 | D:2      | Reached skill level 5 in Conjurations
   870 | D:2      | Reached XP level 6. HP: 26/33 MP: 9/11
   953 | D:2      | Found a glowing silver altar of Zin.
  1170 | D:3      | Noticed Ijyb
  1209 | D:3      | Killed Ijyb
  1339 | D:3      | You fall into a shaft and drop 3 floors!
  1350 | D:6      | Identified the +2 leather armour of Ikurrut {rC++ Str-4
                  | Int+7}
  1386 | D:6      | Found a staircase to the Ecumenical Temple.
  1395 | Temple   | Entered the Ecumenical Temple
  1406 | Temple   | Became a worshipper of Warmaster Okawaru
  1441 | D:6      | Noticed a steam dragon
  1530 | D:6      | Found a sand-covered staircase.
  1544 | Ossuary  | Entered an ossuary
  2229 | Ossuary  | Learned a level 3 spell: Hailstorm
  2311 | Ossuary  | Gained mutation: Your magical flight helps you evade
                  | attacks. (EV +4) [Tengu growth]
  2311 | Ossuary  | Reached XP level 7. HP: 36/37 MP: 12/12
  2520 | Ossuary  | Reached skill level 6 in Polearms
  2525 | Ossuary  | Reached skill level 1 in Invocations
  2543 | Ossuary  | Reached * piety under Okawaru
  2722 | Ossuary  | Noticed a silent spectre
  2807 | D:5      | Entered Level 5 of the Dungeon
  2888 | D:5      | Reached XP level 8. HP: 42/48 MP: 14/14
  3098 | D:5      | Reached skill level 7 in Polearms
  3828 | D:3      | Noticed Terence
  3834 | D:3      | Killed Terence
  3985 | D:3      | Reached skill level 5 in Dodging
  4291 | D:4      | Reached ** piety under Okawaru
  4981 | D:6      | Reached XP level 9. HP: 50/52 MP: 16/16
  5511 | D:6      | Reached skill level 8 in Polearms
  5801 | D:6      | Reached skill level 5 in Fighting
  7046 | D:7      | Reached *** piety under Okawaru
  7059 | D:7      | Reached skill level 5 in Spellcasting
  7091 | D:7      | Reached skill level 9 in Polearms
  7091 | D:7      | Reached XP level 10. HP: 28/60 MP: 16/18
  7243 | D:7      | Killed an unseen horror
  7841 | D:8      | Found Ozaqal's Magic Scroll Boutique.
  7916 | D:8      | Reached **** piety under Okawaru
  8411 | D:8      | Noticed a two-headed ogre
  8419 | D:8      | Killed a two-headed ogre
  8420 | D:8      | Reached skill level 10 in Polearms
  9242 | D:9      | Found a shimmering blue altar of Sif Muna.
  9252 | D:8      | Bought a scroll of fear for 40 gold pieces
  9252 | D:8      | Bought a scroll of poison for 40 gold pieces
  9252 | D:8      | Bought a scroll of immolation for 40 gold pieces
  9336 | D:8      | Slain by a wyvern

Illustrated notes

Levels and vault maps discovered:
D:1:      dpeg_arrival_prison, layout_loops_ring, st_stairs_3,
          minmay_misc_feat_secret_circle, dk_noncrumbling_4
D:2:      layout_rooms, basic_altar, uniq_sigmund, uniq_jessica
D:3:      layout_loops_ring, minivault_25, uniq_ijyb, uniq_terence
D:4:      layout_rooms, chequers_serial_rivers_marsh
D:5:      layout_rooms
D:6:      layout_basic, minmay_temple_entry_gardened_gates, enter_ossuary_4
D:7:      layout_gridville
D:8:      layout_basic, serial_shops, nicolae_take_the_stairs,
          kennysheep_diamond
D:9:      minmay_cornered_nines, layout_irregular_city,
          overflow_temple_1_default, erik_lair_orcish_takeover
Temple:   regret_index_temple_sigil_plot

Skill      XL: |  1  2  3  4  5  6  7  8  9 10 |
---------------+-------------------------------+-----
Polearms       | 5 6 7 9 10 | 10.3
Dodging        | 3 4 5 6 7 |  7.3
Fighting       | 3 4 5 6 |  6.6
Conjurations   | 5 6 7 9 |  9.0
Spellcasting   | 3 4 5 |  5.9
Invocations    | 1 2 3 4 |  4.8

Action                     |  1- 3 |  4- 6 |  7- 9 | 10-12 || total
---------------------------+-------+-------+-------+-------++-------
  Melee: Spear             |   111 |    51 |       |       ||   162
         Kick              |    24 |    13 |   123 |    58 ||   218
         Peck              |    13 |     9 |    70 |    41 ||   133
         Punch             |     1 |       |     6 |     5 ||    12
         Trident           |       |    35 |   421 |   152 ||   608
   Cast: Kiss of Death     |     1 |     3 |     5 |     1 ||    10
         Hailstorm         |       |       |     2 |     1 ||     3
 Invoke: Heroism           |       |       |     6 |     6 ||    12
    Use: Scroll            |       |     4 |     3 |       ||     7
         Potion            |       |     2 |     1 |       ||     3
   Stab: Sleeping          |       |     1 |     5 |       ||     6
         Invisible         |       |     4 |       |       ||     4
         Distracted        |       |       |     2 |       ||     2
 Armour: Leather armour    |    21 |    17 |   118 |    40 ||   196
         Skin              |       |    14 |       |       ||    14
  Dodge: Dodged            |    44 |    40 |   326 |   108 ||   518

Table legend: (Time is in decaauts)
 A = Elapsed time spent in this place.
 B = Non-inter-level travel time spent in this place.
 C = Inter-level travel time spent in this place.
 D = Time resting spent in this place.
 E = Time spent auto-exploring this place.
 F = Levels seen in this place.
 G = Mean time per level.
                   A        B        C        D        E       F      G
               +--------+--------+--------+--------+--------+-----+--------+
         Total |   9232 |   8697 |    535 |   2164 |   4599 |  11 |  839.3 |
       Dungeon |   7991 |   7456 |    535 |   1334 |   4540 |   9 |  887.9 |
        Temple |     22 |     22 |      0 |      0 |      0 |   1 |   22.0 |
       Ossuary |   1218 |   1218 |      0 |    830 |     59 |   1 | 1218.0 |
               +--------+--------+--------+--------+--------+-----+--------+

Top non-repeatable levels by time:
     D:7: 1607 daAuts
     D:6: 1454 daAuts
     D:8: 1361 daAuts
 Ossuary: 1218 daAuts
     D:3: 930 daAuts
     D:5: 798 daAuts
     D:1: 662 daAuts
     D:2: 552 daAuts
     D:4: 509 daAuts
     D:9: 114 daAuts
  Temple: 22 daAuts
